cohdb
Replays
Latest Replays
All Replays
Popular Replays
Top Player Replays
Match Explorer
How It Works
Community
CoH3 Stats
Reddit
Sign in to upload your games and track your stats! →
Sign in with Steam
Match 46933967
Unlisted
Match 46933967
Overview
Messages
Build Orders
End
Engineer Squad
Construct Weapon Support Center
Selects Advanced Infantry Battlegroup
Scout Squad
Scout Squad
Sniper
Bazooka Squad
Bazooka Squad
Construct Medical Station
Selects Artillery Observers
.30 cal Machine Gun
.30 cal Machine Gun
Improved M9 Bazooka Rockets
Infantry Support Center
.30 cal Machine Gun
Selects M2A1 105mm Howitzer Emplacement
.30 cal Machine Gun
.30 cal Machine Gun
Advanced Logistics
Survival Training
Engineer Squad
.30 cal Machine Gun
Bazooka Squad
Bazooka Squad
Brick_man
mb2rk
the.dolfini
nanpoka
Isumaya
cmsmiley
phuoctoduy
wang_charity
0
0
Comments
sign in to comment!
No comments posted yet!